 Dungeon Crawl Stone Soup version 0.28.0-53-g5a82cb258f (webtiles) character file.

Game seed: 9444850091012427402

86 SanguineChosen the Skirmisher (level 4, 0/29 HPs)
             Began as a Gargoyle Fighter on July 23, 2022.
             Frozen to death by an endoplasm (5 damage)
             ... on level 2 of the Dungeon.
             The game lasted 00:01:54 (1467 turns).

SanguineChosen the Skirmisher (Gargoyle Fighter)    Turns: 1467, Time: 00:01:54

Health: 0/29       AC: 13    Str: 22    XL:     4   Next: 49%
Magic:  4/4        EV:  9    Int:  8    God:
Gold:   73         SH:  4    Dex:  9    Spells: 3/3 levels left

rFire   . . .      SeeInvis .   a - +0 flail
rCold   . . .      Faith    .   c - +0 buckler
rNeg    + . .      Spirit   .   b - +0 scale mail
rPois   ∞          Reflect  .   e - +0 helmet
rElec   +          Harm     .   f - +0 cloak
rCorr   .          Rampage  .   (no gloves)
Will    .....                   (no boots)
Stlth   ..........              (no amulet)
HPRegen 0.09/turn               (no ring)
MPRegen 0.09/turn               (no ring)

@: no status effects
A: sickness immunity, AC +3, negative energy resistance 1, electricity
resistance, torment resistance 1, petrification resistance
a: no special abilities


You were on level 2 of the Dungeon.
You visited 1 branch of the dungeon, and saw 2 of its levels.

You collected 73 gold pieces.

Inventory:

Hand Weapons
 a - a +0 flail (weapon)
Armour
 b - a +0 scale mail (worn)
 c - a +0 buckler (worn)
 e - a +0 helmet (worn)
 f - a +0 cloak (worn)
Scrolls
 g - 2 scrolls of vulnerability {unknown}
Potions
 d - a potion of might
 h - a potion of magic {unknown}
 i - a potion of invisibility {unknown}
 j - 3 potions of resistance {unknown}
 k - a potion of mutation {unknown}


   Skills:
 + Level 4.0 Fighting
 + Level 2.7 Maces & Flails
 + Level 3.9 Armour
 + Level 4.0 Shields


You had 3 spell levels left.
You didn't know any spells.
Your spell library contained the following spells:

 Spells                   Type           Power      Damage    Failure   Level
 Summon Small Mammal      Summ           0%         N/A       82%         1
 Call Canine Familiar     Summ           0%         N/A       99%         3
 Summon Guardian Golem    Hex/Summ       0%         N/A       99%         3


Dungeon Overview and Level Annotations

Branches:
Dungeon (2/15)

Altars:


Innate Abilities, Weirdness & Mutations

You are immune to sickness and miasma.
Your stone body is resilient. (AC +3)
You are immune to poison.
You resist negative energy. (rN+)
You are resistant to electric shocks. (rElec)
You are resistant to unholy torment.
You are immune to petrification.


Message History

The endoplasm freezes you.
You are frozen.
You miss the adder. The adder bites you but does no damage.
The endoplasm hits you. The adder bites you but does no damage.
You barely miss the adder. The endoplasm hits you.
The adder completely misses you.
The endoplasm hits you but does no damage.
You barely miss the adder. The adder barely misses you. x2
The endoplasm closely misses you.
You barely miss the adder. You block the adder's attack.
The endoplasm hits you but does no damage.
You block the adder's attack.
You closely miss the adder. The adder bites you but does no damage.
The endoplasm barely misses you. You block the adder's attack.
The endoplasm freezes you.
You are frozen.
You barely miss the adder. The adder bites you but does no damage.
The endoplasm hits you but does no damage.
You miss the adder. The adder completely misses you. The endoplasm freezes you.
You are frozen.
The adder closely misses you.
You barely miss the adder. The adder completely misses you.
The endoplasm barely misses you. The adder barely misses you.
The adder bites you but does no damage.
You miss the adder. You block the adder's attack. The endoplasm freezes you.
You are frozen.
The adder bites you.
* * * LOW HITPOINT WARNING * * *
The adder closely misses you.
You miss something. You block the adder's attack.
Something hits you but does no damage. The endoplasm freezes you.
You are frozen.
* * * LOW HITPOINT WARNING * * *
You closely miss something. The adder bites you but does no damage.
Something hits you.
* * * LOW HITPOINT WARNING * * *
The endoplasm freezes you.
You are frozen.
You die...

....... ##.#.............
####### #.#.####.###.#..
#.#.####.## ... ######
#.......... ..# ......#
#..#####.## .. ......#
#...# #.# .###.# ......#
#.#.# ##.###.....# ..)...#
#.#.###JS.....# ......#
#.#..##@.#..### ......#
#.##.##..##...# ......#
#........###.....
......#######..##.###.#....
...###..............#......
...####.######..#.#.#######
.......................
..#####.#######.#.#.### ###
#.# #...#+####


You could see an adder and an endoplasm.

Vanquished Creatures
  Jessica (D:2)
  3 adders (D:2)
  A dart slug (D:2)
  7 bats
  3 endoplasms
  A giant cockroach (D:2)
  3 goblins
  3 hobgoblins
  2 quokkas
  2 ball pythons (D:2)
  A frilled lizard (D:2)
  A kobold (D:2)
  2 rats
30 creatures vanquished.

Notes
Turn   | Place    | Note
-------+----------+-------------------------------------------
     0 | D:1      | SanguineChosen the Gargoyle Fighter began the quest for the
                  | Orb.
     0 | D:1      | Reached XP level 1. HP: 14/14 MP: 1/1
   439 | D:1      | Reached XP level 2. HP: 19/19 MP: 2/2
   788 | D:2      | Noticed Jessica
   793 | D:2      | Killed Jessica
   794 | D:2      | Reached XP level 3. HP: 24/24 MP: 3/3
   917 | D:2      | Reached XP level 4. HP: 28/29 MP: 4/4
  1372 | D:2      | Found a faded altar of an unknown god.
  1467 | D:2      | Frozen to death by an endoplasm

Illustrated notes

Levels and vault maps discovered:
D:1:      lightli_arrival_flooded_house, layout_loops_ring
D:2:      layout_basic, basic_ecumenical_altar, basic_altar,
          minmay_pentomino_t4, uniq_jessica

Skill      XL: |  1  2  3 |
---------------+----------+-----
Fighting       | 4 |  4.0
Shields        | 4 |  4.0
Maces & Flails | |  2.7
Armour         | |  3.9

Action                   |  1- 3 |  4- 6 || total
-------------------------+-------+-------++-------
Melee: Flail             |    62 |    67 ||   129
Armor: Scale mail        |    33 |    48 ||    81
Dodge: Dodged            |    34 |    33 ||    67
Block: Buckler           |    13 |    29 ||    42
